 Dungeon Crawl Stone Soup version 0.18-a0-455-gc7d4c65 (webtiles) character file.

793027 4thArraOfDagon the Shatterer (level 26, -7/288 HPs)
             Began as an Ogre Hunter on Nov 30, 2015.
             Was the Champion of Cheibriados.
             Killed from afar by a Brimstone Fiend (51 damage)
             ... with a blast of hellfire
             ... created by the effects of Hell
             ... on level 7 of Gehenna on Dec 1, 2015.
             The game lasted 05:21:36 (27694 turns).

4thArraOfDagon the Shatterer (Ogre Hunter)         Turns: 27694, Time: 05:21:37

Health: -7/288     AC: 13    Str: 43    XL:     26   Next: 28%
Magic:  6/52       EV: 28    Int: 40    God:    Cheibriados [******]
Gold:   2115       SH: 22    Dex: 28    Spells: 12 memorised, 23 levels left

rFire  + + +     SeeInvis +     E - +9 flail of Untimely Demise {vamp, rC+ Int+2}
rCold  + . .     Clarity  +     k - +0 troll leather armour {Purgy}
rNeg   + . .     SustAt   .     N - +5 shield {rN+}
rPois  +         Gourm    .     q - +3 hat of Pondering {ponderous, MR+ MP+10 Int+5}
rElec  .         Spirit   .     M - +2 cloak "Kiuwudgh" {Str+5}
rCorr  .         Dsmss    .     (gloves unavailable)
rMut   .         Rnd*Tele +     (boots unavailable)
MR     +++..                    I - amulet of Intercession {Clar +Inv rPois Str-2 Dex+4}
Stlth  ++++......               U - ring of Kugi {*Corrode +Inv rF+++ EV+3 SInv}
                                (no ring)

@: about to teleport, regenerating (expiring), very slow, extremely resistant to
hostile enchantments, stealthy
A: unfitting armour, berserk 1, blurry vision 1, spit poison 1, teleportitis 1,
tough skin 1
a: Spit Poison, Bend Time, Temporal Distortion, Slouch, Step From Time, Renounce
Religion, Evoke Invisibility
}: 12/15 runes: decaying, silver, golden, obsidian, bone, abyssal, demonic,
glowing, magical, fiery, dark, gossamer


You were on level 7 of Gehenna.
You worshipped Cheibriados.
Cheibriados was exalted by your worship.
You were not hungry.

You visited 13 branches of the dungeon, and saw 67 of its levels.
You visited Pandemonium 3 times, and saw 38 of its levels.
You visited the Abyss 2 times.
You visited 1 bazaar.
You visited 1 ziggurat, and saw 12 of its levels.
You also visited: Labyrinth and Wizlab.

You collected 4560 gold pieces.
You spent 2439 gold pieces at shops.

Inventory:

Hand Weapons
 E - the +9 flail of Untimely Demise (weapon) {vamp, rC+ Int+2}
   (You took it off a deep elf demonologist on level 3 of the Elven Halls)

   It inflicts no extra harm, but heals its wielder somewhat when it strikes a
   living foe.
   It affects your intelligence (+2).
   It protects you from cold.
 G - the +10 dark maul {crush}
   (You found it on level 11 of a ziggurat)

   It inflicts extra damage upon your enemies.
 V - a +4 vampiric demon whip
Missiles
 c - 19 large rocks (quivered)
 Y - 5 throwing nets
Armour
 h - the +5 shield of Serendipity {rElec rPois rC+}
   (You acquired it on level 1 of a ziggurat)

   It protects you from cold.
   It insulates you from electricity.
   It protects you from poison.
 k - a +0 troll leather armour (worn) {Purgy}
 q - the +3 hat of Pondering (worn) {ponderous, MR+ MP+10 Int+5}
   (You found it on level 5 of the Vaults)

   It affects your intelligence (+5).
   It affects your resistance to hostile enchantments.
   It affects your magic capacity (+10).
 M - the +2 cloak "Kiuwudgh" (worn) {Str+5}
   (You found it on level 3 of the Crypt)

   It affects your strength (+5).
 N - a +5 shield of positive energy (worn)
Jewellery
 i - an uncursed ring of positive energy
 n - the ring "Fisoqipt" {+/*Tele rN+ Str+2}
   (You found it on level 10 of a ziggurat)

   [ring of teleportation]

   It may teleport you to nearby monsters, and can be evoked to randomly
   teleport.
   It affects your strength (+2).
   It protects you from negative energy.
 o - the ring of the Mage {Wiz MR++ Int+3}
   (You took it off a deep elf death mage on level 3 of the Elven Halls)

   [ring of wizardry]

   It improves your spell success rate.
   It affects your intelligence (+3).
   It affects your resistance to hostile enchantments.
 w - the amulet "Hapiust" {Stasis rF+ rC+ Str+4}
   (You found it on level 5 of the Vaults)

   [amulet of stasis]

   It prevents you from being teleported, slowed, hasted or paralysed.
   It affects your strength (+4).
   It protects you from fire.
   It protects you from cold.
 A - the ring of Entrepreneurial Spirit {Wiz rF+ rC+ MP+9 Dex-3}
   (You found it on level 11 of a ziggurat)

   [ring of wizardry]

   It improves your spell success rate.
   It affects your dexterity (-3).
   It protects you from fire.
   It protects you from cold.
   It affects your magic capacity (+9).
 D - an uncursed amulet of resist corrosion
 I - the amulet of Intercession (around neck) {Clar +Inv rPois Str-2 Dex+4}
   (You took it off a deep elf conjurer on level 3 of the Elven Halls)

   [amulet of clarity]

   It provides mental clarity.
   It affects your strength (-2).
   It affects your dexterity (+4).
   It protects you from poison.
   It lets you turn invisible.
 S - the ring "Majar" {rC+ MR+ Str+3}
   (You found it on level 7 of a ziggurat)

   [ring of protection from magic]

   It affects your strength (+3).
   It protects you from cold.
   It affects your resistance to hostile enchantments.
 U - the ring of Kugi (right hand) {*Corrode +Inv rF+++ EV+3 SInv}
   (You bought it in a shop on level 4 of the Orcish Mines)

   [ring of evasion]

   It affects your evasion (+3).
   It renders you almost immune to fire.
   It lets you see invisible.
   It lets you turn invisible.
   It may corrode your equipment when you take damage.
Wands
 d - a wand of teleportation (4)
 e - a wand of heal wounds (1)
 f - a wand of heal wounds (6)
 g - a wand of teleportation (1)
 W - a wand of disintegration (13)
Scrolls
 a - 2 scrolls of holy word
 m - 3 scrolls of summoning
 p - 4 scrolls of magic mapping
 s - 2 scrolls of silence
 t - 4 scrolls of identify
 x - a scroll of fog
 z - 12 scrolls of remove curse
 B - a scroll of enchant armour
 C - 2 scrolls of recharging
 H - 4 scrolls of teleportation
Potions
 b - 2 potions of resistance
 u - 12 potions of curing
 v - 7 potions of invisibility
 K - 6 potions of ambrosia
 L - 4 potions of brilliance
 O - a potion of cancellation
 P - 6 potions of agility
 X - 2 potions of flight
Miscellaneous
 j - a phantom mirror
 l - a fan of gales
 r - a sack of spiders {used: 2}
 y - a box of beasts {used: 9}
 R - a piece from Xom's chessboard
 T - a lamp of fire
 Z - a piece from Xom's chessboard
Comestibles
 F - 14 meat rations


   Skills:
 * Level 21.1 Fighting
 * Level 26.7 Maces & Flails
 - Level 4.0 Throwing
 - Level 10.6 Armour
 - Level 14.1 Dodging
 - Level 12.1 Stealth
 - Level 15.4 Shields
 - Level 15.0 Spellcasting
 - Level 3.1 Charms
 - Level 2.8 Necromancy
 - Level 6.1 Translocations
 - Level 18.0 Invocations
 - Level 10.0 Evocations


You had 23 spell levels left.
You knew the following spells:

 Your Spells              Type           Power        Failure   Level  Hunger
a - Phase Shift           Tloc           ######....   2%          5    None
b - Repel Missiles        Chrm/Air       #####.       1%          2    None
c - Blink                 Tloc           N/A          1%          2    None
d - Apportation           Tloc           ######....   1%          1    None
e - Animate Skeleton      Necr           N/A          1%          1    None
f - Song of Slaying       Chrm           ######..     1%          2    None
g - Stoneskin             Trmt/Erth      ####....     1%          2    None
h - Regeneration          Chrm/Necr      ######....   1%          3    None
i - Spectral Weapon       Hex/Chrm       #####...     1%          3    None
j - Cure Poison           Pois           ####......   1%          2    None
k - Passage of Golubria   Tloc           N/A          1%          4    None
l - Dispel Undead         Necr           ######..     12%         5    None


Dungeon Overview and Level Annotations

Branches:
Dungeon (15/15)              Lair (8/8) D:10          Swamp (4/4) Lair:5
 Spider (4/4) Lair:3        Slime (0/6) Lair:8          Orc (4/4) D:11
    Elf (3/3) Orc:3        Vaults (5/5) D:13          Crypt (3/3) Vaults:3
   Tomb (3/3) Crypt:3      Depths (3/5) D:15           Hell (1/1)
    Geh (7/7) Hell            Tar (7/7) Hell
 Temple: D:4-7          Dis: Hell:1         Coc: Hell:1

Altars:
Cheibriados
Dithmenos
Elyvilon
Gozag
Kikubaaqudgha
Okawaru
Qazlal
Ru
Vehumet
Yredelemnul
Beogh

Shops:
D:11 *   Orc:1 *   Orc:2 %   Orc:4 ==}[   Elf:1 *?   Elf:3 =   Vaults:2 :

Portals:
Hell: Depths:2
Pandemonium: Depths:1

Annotations:
D:6 Pikel
D:8 exclusion: statue
D:14 Azrael
Orc:4 Saint Roka
Elf:2 1 runed door
Vaults:5 Mara
Tomb:3 Khufu, Mennas
Depths:2 exclusion: downstairs
Depths:3 Sojobo
Geh:7 Asmodeus
Tar:7 Ereshkigal


Innate Abilities, Weirdness & Mutations

You are too large for most types of armour.
You have tough skin (AC +1).
You tend to lose your temper in combat.
Scrolls take you a little longer to read.
You can spit weak poison.
You are occasionally teleported to nearby monsters.


Message History

* * * LOW HITPOINT WARNING * * *
Unknown command.
Unknown command.
You can feel time thicken for a moment.
You kill the sun demon!
Cheibriados appreciates the change of pace.
You feel somewhat more hungry. You block the Brimstone Fiend's attack.
The Brimstone Fiend closely misses you. The Brimstone Fiend hits you.
* * * LOW HITPOINT WARNING * * *
Unknown command.
Unknown command.
Evoke which item? (* to show all) (? for menu, Esc to quit)
Okay, then.
Evoke which item? (* to show all) (? for menu, Esc to quit)
Zapping:
g - a wand of teleportation (2)
Press: ? - help, Shift-Dir - straight line, f - you, p - Brimstone Fiend You feel strangely unstable.
This wand has 1 charge left.
The Brimstone Fiend gestures at you.
The hellfire explodes!
The blast of hellfire engulfs you!
You die...

#####################
################### ###
#≈≈≈≈§≈≈≈≈≈§§§≈≈≈≈ ..
+@............≈≈≈≈
#+#+#'#+#+#.1.............§.
##.........##§§≈..≈....≈≈...V
#...#.).#...+§§≈≈≈≈≈≈≈≈≈≈####
#.*...#.....#≈≈≈≈≈§1§≈≈≈ #.V
#.....#.....#≈§≈≈##§§≈≈ #$.
#...#...#...'≈≈≈≈# ≈§≈≈ #$.
#...........#§≈≈≈≈ §≈≈≈ #$$
###..2..Z.###≈≈≈§§§§ ≈≈ ##.


You could see 2 Brimstone Fiends.

Vanquished Creatures
  2 ancient liches
  the Lernaean hydra (Swamp:4)
  A curse toe (Crypt:3)
  Geryon (Hell)
  Nikola (Spider:3)
  2 golden dragons
  A bone dragon (Crypt:2)
  Arachne (Spider:3)
  A pandemonium lord (Pan)
  Jorgrun (Crypt:3)
  Rupert (D:15)
  2 liches
  2 tentacled monstrosities (Vaults:5)
  A moon troll (WizLab)
  2 Shadow Fiends
  3 deep elf blademasters
  2 deep elf master archers (Elf:3)
  A quicksilver dragon (WizLab)
  6 ancient champions
  6 sphinxes
  5 Executioners (Pan)
  6 tentacled starspawn (WizLab)
  4 shadow dragons
  2 thorn hunters
  3 tengu reavers (Vaults:5)
  A daeva (Pan)
  3 storm dragons
  A draconian monk (Zig:10)
  4 fire giants
  Wiglaf (Elf:3)
  5 deep elf sorcerers
  3 frost giants (Depths:2)
  2 chaos champions
  2 draconian knights (Zig:10)
  2 black suns (Pan)
  An iron dragon (Vaults:5)
  2 cacodemons
  6 ghost moths
  13 balrugs
  5 emperor scorpions (Spider:4)
  A curse skull (Vaults:3)
  A draconian scorcher (Geh:6)
  A draconian shifter (Zig:10)
  7 vault wardens
  6 ghouls
  A draconian zealot (Zig:10)
  An angel (Pan)
  10 ironheart preservers
  The ghost of cireshan the Eclecticist, an adept DECj of the Shining One (Swamp:2)
  9 stone giants
  7 reapers
  14 very ugly things
  A juggernaut skeleton (Crypt:3)
  A draconian annihilator (Pan)
  The ghost of endege the Severer, a journeyman DDGl (Lair:7)
  A draconian caller (Zig:10)
  8 deep elf demonologists
  6 war gargoyles
  A black draconian (Zig:10)
  2 vampire knights
  5 salamander stormcallers
  3 bennus
  2 lorocyprocas
  The ghost of Crishpax the Eclecticist, a journeyman DEWz of Vehumet (Elf:1)
  2 purple draconians (Zig:10)
  13 deep elf annihilators
  A mottled draconian (Zig:10)
  2 dire elephants
  A red draconian (Zig:10)
  2 yellow draconians (Zig:10)
  5 spark wasps
  7 blizzard demons
  A minotaur (Lab)
  11 deep elf death magi
  Snorg (D:14)
  3 entropy weavers
  4 crystal guardians
  An eidolon (Crypt:3)
  4 ettins
  28 vault guards
  6 mummy priests
  Josephine (D:11)
  2 merfolk impalers (Zig:6)
  6 green deaths
  10 yaktaur captains
  10 ogre magi
  An ice dragon (Zig:8)
  8 deep elf high priests
  Fannar (D:10)
  3 great orbs of eyes
  Harold (Orc:1)
  3 hell beasts (Pan)
  A death knight (Crypt:3)
  3 centaur warriors
  A quicksilver dragon skeleton (Pan)
  A monstrous demonspawn (Pan)
  A spriggan air mage (Depths:2)
  Erica (D:9)
  3 catoblepae (Lair:8)
  14 hydras
  2 ghost crabs
  2 alligators
  A merfolk avatar (Zig:6)
  4 dancing weapons
  19 death yaks
  3 deep troll earth magi
  2 tengu warriors (D:15)
  4 rakshasas
  3 vampire magi
  8 orc high priests (Orc:4)
  7 soul eaters
  A death yak (shapeshifter) (Vaults:5)
  16 deep elf knights
  8 hell knights
  4 hell hogs (Hell)
  3 iron golems
  2 titan skeletons
  A shock serpent (shapeshifter) (Depths:2)
  3 salamander mystics (Depths:2)
  2 shadow wraiths (Pan)
  22 skeletal warriors
  19 sun demons
  3 gelid demonspawn (Pan)
  An iron troll (Hell)
  4 storm dragon skeletons
  14 death scarabs
  2 anaconda zombies
  2 small abominations (Zig:11)
  A fire crab (shapeshifter) (Zig:11)
  A sea snake (shapeshifter) (Vaults:4)
  2 fire crabs
  4 unseen horrors
  A shadow demon (Pan)
  16 deep elf summoners
  An unseen horror (shapeshifter) (Vaults:3)
  7 giant orange brains
  A sea snake (Zig:6)
  An orange crystal statue (WizLab)
  A spriggan druid (Swamp:3)
  A death drake (shapeshifter) (Zig:11)
  6 swamp dragons (Swamp:4)
  3 hill giants
  A phantasmal warrior (Vaults:4)
  A shambling mangrove (Swamp:3)
  A torturous demonspawn (Pan)
  6 deep trolls
  25 deep elf conjurers
  3 golden dragon skeletons
  A harpy (shapeshifter) (Vaults:5)
  An anaconda skeleton (Tar:5)
  2 lindwurms (shapeshifter)
  10 necromancers
  17 wolf spiders
  5 flayed ghosts
  10 ironbrand convokers
  2 orc sorcerers
  5 griffons
  A stone giant zombie (Zig:8)
  A water nymph (shapeshifter) (D:14)
  6 orc knights
  A shadow dragon skeleton (Geh:3)
  25 ugly things
  3 water nymphs
  A mana viper (shapeshifter) (Zig:1)
  4 putrid demonspawn (Pan)
  5 cyclopes
  12 orb spiders
  7 sixfirhies
  6 hornets
  3 moths of wrath
  A manticore (shapeshifter) (Zig:1)
  A cyclops (shapeshifter) (Vaults:1)
  A manticore (Zig:6)
  An iron dragon skeleton (Tomb:2)
  Maurice (D:10)
  Grum (D:9)
  A stone giant skeleton (Crypt:3)
  13 smoke demons
  3 black mambas
  2 shock serpent skeletons (Crypt:3)
  6 rust devils
  2 fire giant skeletons (Crypt:3)
  7 vault sentinels
  5 eyes of devastation (WizLab)
  2 sirens (Zig:6)
  A torpor snail (Zig:7)
  A molten gargoyle (Geh:7)
  2 frost giant skeletons
  A kobold demonologist (D:15)
  10 yaktaurs
  A gargoyle (D:11)
  3 dire elephant skeletons
  15 elephants
  A naga mage (Depths:2)
  3 komodo dragons
  8 orange demons
  A yellow draconian zombie (Crypt:3)
  16 demonic crawlers
  4 spiny frogs
  4 spriggan zombies (Zig:8)
  4 tormentors
  A fire drake (Lair:5)
  2 tengu conjurers
  8 hellions
  An elf zombie (Vaults:5)
  17 guardian mummies
  5 hellwings (Pan)
  16 ice devils
  4 freezing wraiths
  A hydra zombie (Tar:7)
  11 red devils
  21 jumping spiders
  7 efreet
  A polar bear (Lair:8)
  18 deep elf priests
  A trapdoor spider zombie (D:10)
  A troll (shapeshifter) (Elf:3)
  4 blink frogs (Swamp:2)
  A harpy skeleton (Tomb:3)
  A blink frog (shapeshifter) (Depths:2)
  A polar bear (shapeshifter) (Vaults:5)
  8 trolls
  5 giant leeches
  4 bog bodies
  17 two-headed ogres
  5 boulder beetles
  3 hydra skeletons
  15 slime creatures
  2 iron dragon simulacra
  A hornet zombie (D:13)
  22 flying skulls
  12 trapdoor spiders
  29 deep elf magi
  A snapping turtle (shapeshifter) (Vaults:4)
  21 yaks
  32 redbacks
  3 ettin skeletons
  A spriggan (shapeshifter) (Vaults:5)
  2 fire dragon skeletons
  8 shadows
  12 ynoxinuls
  A tarantella (shapeshifter) (D:13)
  A wyvern (D:11)
  7 wraiths
  An ice dragon skeleton (Crypt:3)
  36 deep elf fighters
  13 tarantellas
  2 black mamba skeletons (Crypt:3)
  7 chaos spawn
  A purple draconian simulacrum (Crypt:3)
  4 water elementals
  3 vampires
  2 golden eyes (WizLab)
  A steam dragon (D:9)
  8 fire elementals
  9 wargs
  A basilisk (Lair:5)
  2 golden eyes (shapeshifter)
  A mottled dragon (D:15)
  4 hungry ghosts (Lab)
  10 vampire mosquitoes
  6 neqoxecs
  A soldier ant (D:12)
  A deep troll zombie (Crypt:3)
  9 swamp worms
  7 hippogriffs
  10 large abominations (Pan)
  12 hell hounds
  26 wolves
  25 orc warriors
  7 porcupines
  7 water moccasins
  Duvessa (D:6)
  A monstrous demonspawn skeleton (Crypt:3)
  Purgy (D:3)
  2 ettin simulacra
  17 swamp drakes
  A porcupine (shapeshifter) (Vaults:4)
  3 sky beasts
  A manticore zombie (Tar:2)
  A wasp (Zig:9)
  A centaur (shapeshifter) (Vaults:5)
  2 snapping turtle skeletons (Crypt:3)
  5 necrophages
  A fire dragon simulacrum (Depths:2)
  37 ogres
  3 ice beasts
  3 phantoms
  10 crocodiles
  2 slaves
  2 centaurs
  An elephant skeleton (Crypt:3)
  2 manticore skeletons (Crypt:3)
  A swamp dragon skeleton (Crypt:3)
  A crocodile (shapeshifter) (D:14)
  14 giant frogs
  2 big kobolds
  A gnoll sergeant (D:13)
  2 wyvern zombies
  Dowan (D:6)
  An elf skeleton (Crypt:1)
  A wyvern skeleton (D:9)
  3 scorpions
  33 wights
  5 killer bees (D:11)
  A troll skeleton (Lab)
  2 electric eels
  2 quasits
  12 starcursed masses (WizLab)
  3 centaur zombies
  A human zombie (Tar:2)
  4 crimson imps
  2 hounds (D:4)
  4 iron imps (Hell)
  4 jellies
  4 iguanas
  5 centaur skeletons
  2 giant frog skeletons (D:13)
  21 orc wizards
  40 orc priests
  A human skeleton (Tar:5)
  6 worker ants
  6 sheep
  A tengu zombie (Crypt:3)
  3 tengu skeletons
  A naga skeleton (Crypt:3)
  12 mummies
  6 adders
  3 gnolls (D:13)
  5 shadow imps
  A white imp (Zig:8)
  15 river rats
  A sheep zombie (Crypt:3)
  2 adder zombies (D:5)
  3 adder skeletons
  A lava snake skeleton (Crypt:2)
  2 worms
  3 giant geckos (D:3)
  185 orcs
  3 giant cockroaches
  3 hobgoblins
  2 jackals (D:4)
  2 quokkas
  A quokka (shapeshifter) (Vaults:5)
  A giant newt (D:3)
  6 goblins (D:4)
  A jackal skeleton (D:7)
  15 kobolds
  A kobold zombie (Crypt:3)
  A quokka zombie (D:5)
  A rat (D:1)
  2 crawling corpses (Elf:3)
  A plant (Zig:6)
  5 starspawn tentacles (WizLab)
1979 creatures vanquished.

Vanquished Creatures (collateral kills)
  A pandemonium lord (Pan)
  A tentacled monstrosity (Vaults:5)
  A shadow dragon (Vaults:4)
  A daeva (Pan)
  A stone giant (Vaults:4)
  A very ugly thing (Vaults:5)
  5 hydras (Swamp:4)
  4 swamp dragons (Swamp:4)
  An orb spider (Zig:7)
  A smoke demon (Pan)
  An eye of devastation (WizLab)
  2 yaktaurs (Vaults:1)
  A tormentor (Pan)
  A deep elf fighter (Vaults:1)
  A swamp drake (Swamp:4)
  A phantom (D:9)
  A necrophage (D:9)
  An orc warrior (D:10)
  2 wights (Crypt:3)
  2 orcs (D:9)
30 creatures vanquished.

Vanquished Creatures (others)
  An eldritch tentacle (Geh:7)
  A salamander stormcaller (Geh:7)
  A deep elf demonologist (Elf:3)
  2 chaos champions (Pan)
  3 blizzard demons (Pan)
  4 rakshasas (Pan)
  A green death (Pan)
  3 spriggan air magi (Pan)
  An ogre mage (D:15)
  2 death scarabs (Tomb:2)
  A ball lightning (Pan)
  A spriggan druid (Swamp:4)
  An infernal demonspawn (Pan)
  2 giant orange brains (Pan)
  A wolf spider (Spider:3)
  2 wizards (Pan)
  An ugly thing (WizLab)
  A manticore (D:15)
  A large abomination (Pan)
  A flying skull (Tomb:3)
  A tarantella (Spider:3)
  A trapdoor spider (Spider:4)
  A wraith (Geh:7)
  A ynoxinul (Pan)
  A shadow (Geh:4)
  A hippogriff (D:15)
  A neqoxec (Pan)
  4 insubstantial wisps (Swamp:3)
  A swamp drake (Swamp:2)
  A spiny frog skeleton (Geh:7)
  A mummy (Tomb:2)
  52 eldritch tentacle segments (Geh:7)
  A fungus (Lair:8)
  4 lost souls (Crypt:3)
  2 plants
  12 spectral weapons
  13 starspawn tentacles (WizLab)
  47 starspawn tentacle segments (WizLab)
  4 tentacles (Abyss:3)
  103 tentacle segments (Abyss:3)
283 creatures vanquished.

Grand Total: 2292 creatures vanquished

Notes
Turn   | Place    | Note
--------------------------------------------------------------
     0 | D:1      | 4thArraOfDagon the Ogre Hunter began the quest for the Orb.
     0 | D:1      | Reached XP level 1. HP: 22/22 MP: 1/1
    92 | D:2      | Reached XP level 2. HP: 18/32 MP: 2/2
   164 | D:3      | Reached XP level 3. HP: 20/40 MP: 3/3
   175 | D:3      | Noticed Purgy
   189 | D:3      | Killed Purgy
   189 | D:3      | Reached skill level 5 in Fighting
   189 | D:3      | Reached XP level 4. HP: 27/50 MP: 4/4
   189 | D:3      | Reached XP level 5. HP: 30/57 MP: 5/5
   215 | D:3      | troll mode=on
   370 | D:4      | Noticed a phantom
   396 | D:4      | Killed a phantom
   396 | D:4      | Reached skill level 5 in Maces & Flails
   472 | D:4      | Reached XP level 6. HP: 67/67 MP: 6/6
   476 | D:5      | Entered Level 5 of the Dungeon
   491 | D:5      | Reached skill level 6 in Fighting
   614 | D:4      | Reached XP level 7. HP: 76/76 MP: 7/7
   751 | D:4      | Reached skill level 7 in Maces & Flails
   950 | D:6      | Noticed Dowan
   951 | D:6      | Noticed Duvessa
   954 | D:6      | Killed Duvessa
   954 | D:6      | Reached skill level 8 in Maces & Flails
   959 | D:6      | Killed Dowan
  1068 | D:6      | Reached skill level 9 in Maces & Flails
  1068 | D:6      | Reached XP level 8. HP: 80/87 MP: 8/8
  1072 | D:6      | Gained mutation: You possess an exceptional clarity of mind. [mutagenic meat]
  1073 | D:6      | Gained mutation: You can spit weak poison. [mutagenic meat]
  1101 | D:6      | Noticed Pikel
  1370 | D:5      | Found a shadowy altar of Dithmenos.
  1376 | D:5      | Found a basalt altar of Yredelemnul.
  1459 | D:7      | Noticed a hill giant
  1475 | D:7      | Killed a hill giant
  1475 | D:7      | Reached skill level 11 in Maces & Flails
  1500 | D:7      | Found a sacrificial altar of Ru.
  1500 | D:7      | Found a snail-covered altar of Cheibriados.
  1568 | D:8      | Found a radiant altar of Vehumet.
  1577 | D:8      | Reached XP level 9. HP: 92/98 MP: 9/9
  1613 | D:7      | Found a white marble altar of Elyvilon.
  1614 | D:7      | Became a worshipper of Cheibriados the Contemplative
  1725 | D:6      | Found an iron altar of Okawaru.
  1845 | D:8      | Noticed Grum
  1907 | D:8      | Reached skill level 1 in Invocations
  1926 | D:9      | Reached skill level 12 in Maces & Flails
  1935 | D:9      | Killed Grum
  1983 | D:9      | Learned a level 5 spell: Phase Shift
  2035 | D:9      | Reached * piety under Cheibriados
  2067 | D:9      | Noticed Erica
  2072 | D:9      | Was placed under penance by Cheibriados
  2080 | D:9      | Killed Erica
  2080 | D:9      | Reached skill level 10 in Fighting
  2080 | D:9      | Reached skill level 13 in Maces & Flails
  2080 | D:9      | Reached XP level 10. HP: 28/110 MP: 12/12
  2177 | D:9      | Was forgiven by Cheibriados
  2179 | D:9      | Identified a scroll of acquirement
  2284 | D:10     | Entered Level 10 of the Dungeon
  2372 | D:10     | Reached skill level 1 in Evocations
  2422 | D:11     | Found a staircase to the Orcish Mines.
  2429 | Orc:1    | Entered Level 1 of the Orcish Mines
  2429 | Orc:1    | Noticed Harold
  2520 | D:11     | Noticed a four-headed hydra
  2524 | D:11     | Killed a four-headed hydra
  2549 | D:11     | RIp]
  2560 | D:11     | Reached skill level 14 in Maces & Flails
  2583 | D:11     | Reached skill level 5 in Invocations
  2638 | D:11     | Reached ** piety under Cheibriados
  2689 | D:11     | Noticed a cyclops
  2698 | D:11     | Killed a cyclops
  2698 | D:11     | Reached XP level 11. HP: 95/120 MP: 13/15
  2730 | D:11     | Noticed Josephine
  2752 | D:11     | Killed Josephine
  2752 | D:11     | Reached skill level 5 in Dodging
  2906 | D:11     | Found Gozag's Platinum Reserve.
  2967 | D:11     | Found an opulent altar of Gozag.
  2999 | D:10     | Noticed Fannar
  3007 | D:11     | Reached *** piety under Cheibriados
  3037 | D:11     | Got an ancient long sword {flame}
  3056 | D:11     | Reached skill level 15 in Maces & Flails
  3400 | D:12     | Learned a level 2 spell: Repel Missiles
  3403 | D:12     | Learned a level 2 spell: Blink
  3426 | D:12     | Reached **** piety under Cheibriados
  3470 | D:12     | Learned a level 1 spell: Apportation
  3667 | D:13     | Found a flickering gateway to a bazaar.
  3677 | Bazaar   | Entered a bazaar
  3678 | Bazaar   | Found Pioqirph's Magic Scroll Shoppe.
  3681 | Bazaar   | Found Rawawuezia's Magic Scroll Boutique.
  3689 | Bazaar   | Found Biawkycs's Antique Armour Shop.
  3695 | Bazaar   | Found Suipaini's Gadget Boutique.
  3703 | Bazaar   | Found Fokuug's Antique Weapon Shoppe.
  3740 | Bazaar   | Bought 3 scrolls of teleportation for 99 gold pieces
  3740 | Bazaar   | Bought a scroll of enchant weapon for 82 gold pieces
  3746 | Bazaar   | Bought a scroll of identify for 30 gold pieces
  3746 | Bazaar   | Bought a scroll of blinking for 112 gold pieces
  3746 | Bazaar   | Bought a scroll of identify for 30 gold pieces
  3747 | Bazaar   | Gained mutation: Your body sometimes deteriorates upon taking damage. [potion of mutation]
  3747 | Bazaar   | Gained mutation: You are agile. (Dex +2) [potion of mutation]
  3747 | Bazaar   | Gained mutation: You have a pair of small horns on your head. [potion of mutation]
  3793 | D:13     | Killed an unseen horror
  3793 | D:13     | Reached skill level 1 in Spellcasting
  3793 | D:13     | Reached skill level 1 in Translocations
  3797 | D:13     | Noticed an enchanted long sword
  3799 | D:13     | Killed an enchanted long sword
  3799 | D:13     | Reached XP level 12. HP: 101/132 MP: 17/17
  3829 | D:13     | Noticed an enchanted long sword
  3833 | D:13     | Killed an enchanted long sword
  3837 | D:13     | Found a gate to the Vaults.
  4017 | D:14     | Reached ***** piety under Cheibriados
  4017 | D:14     | Reached skill level 16 in Maces & Flails
  4019 | D:14     | Noticed Azrael
  4133 | D:14     | Noticed Snorg
  4138 | D:14     | Killed Snorg
  4411 | D:13     | Found a stormy altar of Qazlal.
  4494 | D:15     | Entered Level 15 of the Dungeon
  4494 | D:15     | Noticed an ogre mage
  4497 | D:15     | Killed an ogre mage
  4501 | D:15     | Noticed Rupert
  4501 | D:15     | Noticed an ogre mage
  4504 | D:15     | Noticed a centaur warrior
  4506 | D:15     | Noticed a tengu warrior
  4636 | D:15     | Reached XP level 13. HP: 141/141 MP: 19/19
  4681 | D:15     | Reached skill level 17 in Maces & Flails
  4895 | Orc:1    | Killed Harold
  4999 | Orc:2    | Found Ilunle's Food Emporium.
  5041 | Orc:1    | Found Huanobagh's General Store.
  5311 | Orc:2    | Learned a level 1 spell: Animate Skeleton
  5335 | Orc:2    | Reached ****** piety under Cheibriados
  5458 | Orc:4    | Entered Level 4 of the Orcish Mines
  5807 | Orc:3    | Found a staircase to the Elven Halls.
  5853 | Orc:4    | Noticed an ettin
  5859 | Orc:4    | Killed an ettin
  5859 | Orc:4    | Reached skill level 5 in Spellcasting
  5959 | Orc:4    | Reached skill level 5 in Translocations
  6011 | Orc:4    | Found Laskuh's Gadget Emporium.
  6011 | Orc:4    | Found Eqyomeul's Armour Shop.
  6106 | Orc:4    | Found a roughly hewn altar of Beogh.
  6138 | Orc:4    | Noticed Saint Roka
  6334 | Orc:4    | Found Hoodoxtu's Jewellery Emporium.
  6334 | Orc:4    | Found Raull's Jewellery Shop.
  6388 | Orc:4    | Bought the ring of Kugi {*Corrode +Inv rF+++ EV+3 SInv} for 823 gold pieces
  6482 | Orc:4    | Bought an uncursed amulet of regeneration for 360 gold pieces
  6595 | Elf:1    | Entered Level 1 of the Elven Halls
  6601 | Elf:1    | Reached XP level 14. HP: 153/153 MP: 16/23
  6640 | Elf:1    | Found Nosilo's Assorted Antiques.
  6647 | Elf:1    | Bought a fuming brown potion for 27 gold pieces
  6678 | Elf:2    | Reached skill level 18 in Maces & Flails
  6798 | Elf:3    | Entered Level 3 of the Elven Halls
  6852 | Elf:3    | Found Tisogoak's Jewellery Emporium.
  6974 | Elf:3    | Reached skill level 10 in Invocations
  7025 | Elf:3    | Noticed a deep elf blademaster
  7066 | Elf:3    | Reached skill level 19 in Maces & Flails
  7086 | Elf:3    | Killed a deep elf blademaster
  7160 | Elf:3    | Noticed a deep elf sorcerer
  7167 | Elf:3    | Killed a deep elf sorcerer
  7185 | Elf:3    | Noticed Wiglaf
  7205 | Elf:3    | Killed Wiglaf
  7209 | Elf:3    | Got a glittering ivory amulet
  7210 | Elf:3    | Got a dazzling morningstar {antimagic}
  7236 | Elf:3    | Identified the +5 morningstar "Biokk" {antimagic, Dex+4} (You took it off a deep elf conjurer on level 3 of the Elven Halls)
  7278 | Elf:3    | Got a steaming flail {vamp}
  7369 | Elf:3    | Reached XP level 15. HP: 143/159 MP: 3/24
  7498 | Elf:3    | Noticed a deep elf master archer
  7502 | Elf:3    | Killed a deep elf master archer
  7562 | Elf:3    | Reached skill level 20 in Maces & Flails
  7694 | Elf:3    | Noticed a deep elf master archer
  7695 | Elf:3    | Noticed a deep elf sorcerer
  7695 | Elf:3    | Noticed a deep elf sorcerer
  7793 | Elf:3    | Got a twitching lead ring
  7884 | Elf:3    | Noticed a deep elf blademaster
  7924 | Elf:3    | Drew Focus: Str increased to 22, Dex decreased to 9
  8024 | Elf:3    | Reached skill level 10 in Dodging
  8064 | Elf:3    | Noticed a deep elf sorcerer
  8074 | Elf:3    | Killed a deep elf sorcerer
  8138 | Elf:3    | Gained mutation: You are resistant to hostile enchantments. [potion of beneficial mutation]
  8171 | Elf:3    | Identified the Collected Works on Boosting Companions (You found it on level 3 of the Elven Halls)
  8188 | Elf:3    | Killed a deep elf master archer
  8192 | Elf:3    | Killed a deep elf sorcerer
  8227 | Elf:3    | Killed a deep elf sorcerer
  8227 | Elf:3    | Reached skill level 21 in Maces & Flails
  8328 | Elf:3    | Killed a deep elf blademaster
  8328 | Elf:3    | Reached XP level 16. HP: 150/174 MP: 6/25
  8339 | Elf:3    | Identified Henk's Reference Book on Changing and Earth (You found it on level 3 of the Elven Halls)
  8349 | Elf:3    | Learned a level 2 spell: Song of Slaying
  8352 | Elf:3    | Learned a level 2 spell: Stoneskin
  8356 | Elf:3    | Learned a level 3 spell: Regeneration
  8360 | Elf:3    | Learned a level 3 spell: Spectral Weapon
  8481 | Elf:2    | Found a huge runed gate.
  8493 | Elf:2    | Found a huge runed gate.
  8497 | Elf:2    | Found a huge runed gate.
  8527 | Elf:2    | Found a huge runed gate.
  8735 | Elf:2    | Reached skill level 1 in Charms
  8883 | Elf:1    | Reached skill level 1 in Necromancy
  8972 | Elf:1    | Found Tiqaap's Magic Scroll Boutique.
  8980 | Elf:1    | Bought a scroll of magic mapping for 42 gold pieces
  8980 | Elf:1    | Bought a scroll of enchant weapon for 90 gold pieces
  8980 | Elf:1    | Bought 2 scrolls of enchant armour for 180 gold pieces
  8980 | Elf:1    | Bought a scroll of enchant weapon for 90 gold pieces
  8980 | Elf:1    | Bought a scroll of recharging for 114 gold pieces
  9000 | Elf:1    | Identified a +5 rod of clouds (11/11) (You took it off a deep elf death mage on level 3 of the Elven Halls)
  9004 | Elf:1    | Bought a scroll of identify for 24 gold pieces
  9004 | Elf:1    | Bought a scroll of identify for 24 gold pieces
  9004 | Elf:1    | Bought a scroll of identify for 24 gold pieces
  9004 | Elf:1    | Identified the amulet of Intercession {Clar +Inv rPois Str-2 Dex+4} (You took it off a deep elf conjurer on level 3 of the Elven Halls)
  9005 | Elf:1    | Identified the ring "Forget-Me-Not" {MR+ MP+9} (You took it off a deep elf conjurer on level 3 of the Elven Halls)
  9197 | Elf:1    | Noticed Crishpax's ghost (journeyman DEWz)
  9207 | Elf:1    | Killed Crishpax's ghost
  9412 | Orc:4    | Identified the +9 flail of Untimely Demise {vamp, rC+ Int+2} (You took it off a deep elf demonologist on level 3 of the Elven Halls)
  9454 | Orc:4    | Bought a cursed ring of teleportation for 246 gold pieces
  9719 | D:10     | Killed Fannar
  9778 | D:10     | Noticed Maurice
  9924 | Orc:1    | Bought a scroll of remove curse for 42 gold pieces
 10086 | D:10     | Killed Maurice
 10104 | D:10     | Reached skill level 1 in Shields
 10171 | D:10     | Found a staircase to the Lair.
 10175 | Lair:1   | Entered Level 1 of the Lair of Beasts
 10236 | Lair:2   | Found an ancient bone altar of Kikubaaqudgha.
 10247 | Lair:2   | You fall through a shaft for 2 floors!
 10271 | Lair:4   | Found a labyrinth entrance.
 10282 | Lab      | Entered a labyrinth
 10531 | Lab      | Identified The Foundations of Sorcery (You found it in a labyrinth)
 10626 | Lair:7   | Noticed endege's ghost (journeyman DDGl)
 10641 | Lair:7   | Killed endege's ghost
 10819 | Lair:8   | Entered Level 8 of the Lair of Beasts
 10864 | Lair:8   | Reached skill level 15 in Fighting
 10894 | Lair:8   | Learned a level 2 spell: Cure Poison
 10979 | Lair:8   | Reached XP level 17. HP: 168/181 MP: 26/26
 11159 | Lair:8   | Found a staircase to the Slime Pits.
 11264 | Lair:8   | Reached skill level 22 in Maces & Flails
 11301 | Lair:8   | Reached skill level 5 in Evocations
 11457 | Lair:8   | Got a jewelled shield
 11468 | Lair:8   | Identified the +2 shield of Duty {rElec MP+9 Int+4 Slay-5} (You acquired it on level 8 of the Lair of Beasts)
 11857 | Lair:3   | Found a hole to the Spider Nest.
 11874 | Spider:1 | Entered Level 1 of the Spider Nest
 11977 | Spider:1 | You fall through a shaft!
 12112 | Spider:3 | Reached skill level 5 in Shields
 12115 | Spider:3 | Noticed Nikola
 12127 | Spider:3 | Killed Nikola
 12138 | Spider:3 | Noticed Arachne
 12165 | Spider:3 | Killed Arachne
 12225 | Spider:4 | Entered Level 4 of the Spider Nest
 12590 | Spider:4 | Reached XP level 18. HP: 140/193 MP: 8/27
 12770 | Spider:4 | Got a gossamer rune of Zot
 12958 | Lair:5   | Found a staircase to the Swamp.
 12972 | Swamp:1  | Entered Level 1 of the Swamp
 13057 | Swamp:2  | Noticed cireshan's ghost (adept DECj)
 13078 | Swamp:2  | Killed cireshan's ghost
 13078 | Swamp:2  | Reached skill level 10 in Evocations
 13260 | Swamp:4  | Entered Level 4 of the Swamp
 13519 | Swamp:4  | Noticed the 27-headed Lernaean hydra
 13529 | Swamp:4  | Killed the 27-headed Lernaean hydra
 13617 | Swamp:4  | Reached skill level 10 in Shields
 13688 | Swamp:4  | Got a decaying rune of Zot
 13944 | Lair:2   | Reached skill level 1 in Armour
 14176 | Vaults:1 | Entered Level 1 of the Vaults
 14316 | Vaults:1 | Reached skill level 5 in Armour
 14373 | Vaults:1 | Reached XP level 19. HP: 178/201 MP: 23/28
 14376 | Vaults:1 | Found a magical portal.
 14385 | WizLab   | Entered Lehudib's Moon Base
 14433 | WizLab   | Gained mutation: You are frail (-10% HP). [a neqoxec]
 14581 | WizLab   | Gained mutation: Your body often deteriorates upon taking damage. [a cacodemon]
 14599 | WizLab   | Gained mutation: You have large cloven feet. [potion of beneficial mutation]
 14817 | WizLab   | Reached skill level 10 in Armour
 15467 | Vaults:5 | Entered Level 5 of the Vaults
 15535 | Vaults:5 | Noticed an ancient lich
 15544 | Vaults:4 | Reached XP level 20. HP: 182/189 MP: 19/29
 15964 | Vaults:4 | Killed an ancient lich
 16103 | Vaults:5 | Reached skill level 15 in Shields
 16298 | Vaults:5 | Reached skill level 1 in Stealth
 16316 | Vaults:5 | Noticed a golden dragon
 16340 | Vaults:4 | Killed a golden dragon
 16377 | Vaults:4 | Reached skill level 5 in Stealth
 16529 | Vaults:5 | HP: 3/189 [iron dragon (12)]
 16635 | Vaults:5 | Got a brightly glowing steel amulet
 16674 | Vaults:5 | Reached XP level 21. HP: 137/196 MP: 15/30
 16739 | Vaults:5 | Identified the amulet "Hapiust" {Stasis rF+ rC+ Str+4} (You found it on level 5 of the Vaults)
 16742 | Vaults:5 | interesting
 16756 | Vaults:5 | Got a slimy glass ring
 16758 | Vaults:5 | Identified the ring "Xaavae" {Wiz rC+ Dex-4 Slay+2 Stlth+} (You found it on level 5 of the Vaults)
 16759 | Vaults:5 | intersting
 16838 | Vaults:5 | Reached skill level 10 in Stealth
 16891 | Vaults:5 | Noticed Mara
 16906 | Vaults:5 | Noticed 4thArraOfDagon's illusion
 17013 | Vaults:5 | Got a silver rune of Zot
 17084 | Vaults:5 | Got a translucent war axe {venom}
 17378 | Vaults:4 | :)
 17378 | Vaults:4 | Upgraded the game from 0.18-a0-425-ge088ad1 to 0.18-a0-455-gc7d4c65
 17664 | Vaults:3 | Found a staircase to the Crypt.
 17701 | Crypt:1  | Entered Level 1 of the Crypt
 17918 | Crypt:3  | Entered Level 3 of the Crypt
 18425 | Crypt:3  | Noticed an ancient lich
 18446 | Crypt:3  | Killed an ancient lich
 18446 | Crypt:3  | Reached skill level 23 in Maces & Flails
 18459 | Crypt:3  | Got a bloodstained cloak
 18470 | Crypt:3  | Identified the +2 cloak "Kiuwudgh" {Str+5} (You found it on level 3 of the Crypt)
 18473 | Crypt:3  | Identified the Handbook of Envenoming (You found it on level 3 of the Crypt)
 18544 | Crypt:3  | Reached XP level 22. HP: 172/207 MP: 31/31
 18562 | Crypt:3  | Noticed a curse toe
 18578 | Crypt:3  | Killed a curse toe
 18590 | Crypt:3  | better
 18803 | Crypt:3  | Noticed Jorgrun
 18848 | Crypt:3  | Killed Jorgrun
 19031 | Crypt:3  | Found a staircase to the Tomb.
 19063 | Tomb:1   | Entered Level 1 of the Tomb of the Ancients
 19145 | Tomb:1   | Noticed a greater mummy
 19145 | Tomb:1   | Noticed a greater mummy
 19145 | Tomb:1   | Noticed a greater mummy
 19176 | Tomb:1   | Noticed a greater mummy
 19185 | Tomb:1   | Noticed a greater mummy
 19226 | Tomb:1   | ahh
 19239 | Tomb:1   | Noticed a greater mummy
 19239 | Tomb:1   | Noticed a greater mummy
 19239 | Tomb:1   | Noticed a greater mummy
 19240 | Tomb:1   | Noticed a greater mummy
 19240 | Tomb:1   | Noticed a greater mummy
 19331 | Tomb:1   | Noticed a greater mummy
 19331 | Tomb:1   | Noticed a greater mummy
 19331 | Tomb:1   | Noticed a greater mummy
 19331 | Tomb:1   | Noticed a greater mummy
 19331 | Tomb:1   | Noticed a greater mummy
 19331 | Tomb:1   | Noticed a greater mummy
 19331 | Tomb:1   | Noticed a greater mummy
 19331 | Tomb:1   | Noticed a greater mummy
 19542 | Tomb:3   | Entered Level 3 of the Tomb of the Ancients
 19585 | Tomb:3   | here we go
 19637 | Tomb:3   | Learned a level 4 spell: Passage of Golubria
 19664 | Tomb:3   | Noticed a greater mummy
 19664 | Tomb:3   | Noticed a greater mummy
 19664 | Tomb:3   | Noticed a greater mummy
 19668 | Tomb:3   | Noticed a greater mummy
 19668 | Tomb:3   | Noticed Khufu
 19668 | Tomb:3   | Noticed Mennas
 19671 | Tomb:3   | Got a golden rune of Zot
 19673 | Tomb:3   | Noticed a greater mummy
 19705 | Tomb:3   | Identified the Collected Works on Feathery Conjuration (You found it on level 3 of the Tomb of the Ancients)
 19708 | Tomb:3   | Identified Jueplema's Volume of the Glacier (You found it on level 3 of the Tomb of the Ancients)
 19730 | Zig:1    | Entered Level 1 of a ziggurat
 19743 | Zig:1    | Got a polished shield
 19744 | Zig:1    | Identified the +5 shield of Serendipity {rElec rPois rC+} (You acquired it on level 1 of a ziggurat)
 19757 | Zig:2    | Entered Level 2 of a ziggurat
 19781 | Zig:3    | Entered Level 3 of a ziggurat
 19823 | Zig:4    | Entered Level 4 of a ziggurat
 19871 | Zig:5    | Entered Level 5 of a ziggurat
 19943 | Zig:6    | Entered Level 6 of a ziggurat
 20005 | Zig:6    | Identified the Incunabulum of Displacement (You found it on level 6 of a ziggurat)
 20010 | Zig:6    | Got a wavering amber ring
 20011 | Zig:6    | Identified the ring "Reluush" {Fragile MR+ Str+5 SInv} (You found it on level 6 of a ziggurat)
 20021 | Zig:7    | Entered Level 7 of a ziggurat
 20068 | Zig:7    | Reached skill level 24 in Maces & Flails
 20118 | Zig:7    | Reached XP level 23. HP: 195/218 MP: 16/35
 20120 | Zig:7    | Got a brightly glowing brass ring
 20122 | Zig:7    | Identified the ring "Majar" {rC+ MR+ Str+3} (You found it on level 7 of a ziggurat)
 20165 | Zig:8    | Entered Level 8 of a ziggurat
 20274 | Zig:9    | Entered Level 9 of a ziggurat
 20280 | Zig:9    | Reached skill level 10 in Spellcasting
 20300 | Zig:9    | Identified The Last Catalogue of Boris (You found it on level 9 of a ziggurat)
 20303 | Zig:9    | Got a clouded jade ring
 20312 | Zig:9    | Identified the ring "Jith" {SustAt Int+4 SInv} (You found it on level 9 of a ziggurat)
 20329 | Zig:10   | Entered Level 10 of a ziggurat
 20365 | Zig:10   | Reached XP level 24. HP: 169/227 MP: 25/39
 20437 | Zig:10   | Got a twisted morningstar
 20438 | Zig:10   | Identified the cursed +1 morningstar "Omabeytu" {venom, rPois rC+} (You found it on level 10 of a ziggurat)
 20441 | Zig:10   | Got a vibrating platinum ring
 20451 | Zig:11   | Entered Level 11 of a ziggurat
 20605 | Zig:11   | Got a transparent jade ring
 20607 | Zig:11   | Identified the ring of Entrepreneurial Spirit {Wiz rF+ rC+ MP+9 Dex-3} (You found it on level 11 of a ziggurat)
 20617 | Zig:11   | Identified the ring "Fisoqipt" {+/*Tele rN+ Str+2} (You found it on level 10 of a ziggurat)
 20619 | Zig:11   | Identified the Grimoire of Shifting Battle Magic (You found it on level 11 of a ziggurat)
 20658 | Zig:12   | Entered Level 12 of a ziggurat
 20685 | Zig:12   | Noticed Zummov the pandemonium lord
 20750 | Tomb:3   | bye my precious
 20752 | Tomb:3   | You remove the ring "Reluush" {Fragile MR+ Str+5 SInv}. The ring "Reluush" {Fragile MR+ Str+5 SInv} crumbles to dust!
 20781 | Tomb:3   | Noticed a greater mummy
 20783 | Tomb:3   | Noticed a greater mummy
 20926 | Crypt:3  | Reached skill level 15 in Spellcasting
 21024 | Vaults:2 | Found Ginn's Book Emporium.
 21042 | Vaults:2 | damn you!
 21228 | D:15     | Found a staircase to the Depths.
 21361 | D:15     | Killed Rupert
 21475 | Depths:1 | Entered Level 1 of the Depths
 21686 | Depths:1 | Found a one-way gate leading to the halls of Pandemonium.
 21801 | Pan      | Entered Pandemonium
 21871 | Pan      | Noticed Oscheadi the pandemonium lord
 21976 | Pan      | Entered the realm of Mnoleg.
 21983 | Pan      | lets get it rolling bby
 21983 | Pan      | bby
 22030 | Pan      | Gained mutation: You are occasionally teleported to nearby monsters. [a cacodemon]
 22034 | Pan      | Gained mutation: You tend to lose your temper in combat. [a neqoxec]
 22036 | Pan      | Gained mutation: You occasionally shout uncontrollably at your foes. [a neqoxec]
 22041 | Pan      | Noticed Mnoleg
 22043 | Pan      | Got a glowing rune of Zot
 22077 | Pan      | Lost mutation: Your body often deteriorates upon taking damage. [potion of cure mutation]
 22077 | Pan      | Lost mutation: You can spit weak poison. [potion of cure mutation]
 22077 | Pan      | Lost mutation: Your body sometimes deteriorates upon taking damage. [potion of cure mutation]
 22077 | Pan      | Lost mutation: You are resistant to hostile enchantments. [potion of cure mutation]
 22077 | Pan      | Lost mutation: You possess an exceptional clarity of mind. [potion of cure mutation]
 22077 | Pan      | Lost mutation: You are agile. (Dex +2) [potion of cure mutation]
 22078 | Pan      | Lost mutation: You are frail (-10% HP). [potion of cure mutation]
 22078 | Pan      | Lost mutation: You occasionally shout uncontrollably at your foes. [potion of cure mutation]
 22078 | Pan      | Lost mutation: You have a pair of small horns on your head. [potion of cure mutation]
 22219 | Pan      | Noticed Poahet the pandemonium lord
 22233 | Pan      | Killed Poahet the pandemonium lord
 22359 | Pan      | disco
 22360 | Pan      | t
 22361 | Pan      | e
 22362 | Pan      | k
 22367 | Pan      | Found an exit through the horrors of the Abyss.
 22406 | Pan      | Found an exit through the horrors of the Abyss.
 22479 | Pan      | i sense lom
 22484 | Pan      | Gained mutation: You are agile. (Dex +2) [potion of beneficial mutation]
 22505 | Pan      | Found a runed door.
 22506 | Pan      | Lost mutation: You have large cloven feet. [a neqoxec]
 22582 | Pan      | Reached skill level 15 in Invocations
 22750 | Pan      | Noticed Iliaru the pandemonium lord
 22767 | Pan      | Killed Iliaru the pandemonium lord
 22777 | Pan      | Reached XP level 25. HP: 218/265 MP: 42/42
 22793 | Pan      | Found an exit through the horrors of the Abyss.
 22953 | Pan      | Found an exit through the horrors of the Abyss.
 23103 | Pan      | Noticed Dujorinn the pandemonium lord
 23105 | Pan      | Got a demonic rune of Zot
 23219 | Pan      | Noticed Mnoleg
 23298 | Pan      | Found an exit through the horrors of the Abyss.
 23503 | Pan      | Found an exit through the horrors of the Abyss.
 23691 | Pan      | Found an exit through the horrors of the Abyss.
 23718 | Pan      | Found a basalt altar of Yredelemnul.
 24000 | Pan      | Found an exit through the horrors of the Abyss.
 24017 | Pan      | Gained mutation: Scrolls take you a little longer to read. [a neqoxec]
 24074 | Pan      | Noticed Gol Baaf the pandemonium lord
 24132 | Pan      | uhhh
 24204 | Pan      | Noticed Tocicwo the pandemonium lord
 24332 | Pan      | a chance!
 24336 | Pan      | Found an exit through the horrors of the Abyss.
 24349 | Pan      | Took an exit into the Abyss.
 24349 | Abyss:1  | Escaped into the Abyss
 24416 | Abyss:3  | speedxploring
 24499 | Abyss:3  | Got an abyssal rune of Zot
 24549 | Depths:1 | Escaped the Abyss
 24551 | Pan      | Entered Pandemonium
 24604 | Pan      | Found an exit through the horrors of the Abyss.
 24612 | Pan      | Entered the realm of Lom Lobon.
 24612 | Pan      | Noticed Lom Lobon
 24626 | Pan      | meh
 24701 | Pan      | Got a magical rune of Zot
 24783 | Pan      | Reached skill level 25 in Maces & Flails
 24811 | Pan      | Lost mutation: You are agile. (Dex +2) [a neqoxec]
 24815 | Pan      | Gained mutation: You can spit weak poison. [a neqoxec]
 24910 | Pan      | Found an exit through the horrors of the Abyss.
 24953 | Pan      | Entered the realm of Cerebov.
 24953 | Pan      | Noticed Cerebov
 24965 | Pan      | Got a fiery rune of Zot
 25087 | Pan      | Found an exit through the horrors of the Abyss.
 25095 | Pan      | Noticed Lom Lobon
 25175 | Pan      | Found an exit through the horrors of the Abyss.
 25191 | Pan      | Learned a level 5 spell: Dispel Undead
 25237 | Depths:1 | Escaped Pandemonium
 25239 | Pan      | Entered Pandemonium
 25257 | Pan      | Noticed Lom Lobon
 25300 | Pan      | Found an exit through the horrors of the Abyss.
 25322 | Pan      | Noticed Ceng the pandemonium lord
 25356 | Pan      | Entered the realm of Gloorx Vloq.
 25405 | Pan      | rly
 25459 | Pan      | cerebov?
 25480 | Pan      | mnolegy?
 25520 | Pan      | Noticed Gloorx Vloq
 25523 | Pan      | Got a dark rune of Zot
 25620 | Pan      | Found an exit through the horrors of the Abyss.
 25624 | Pan      | Took an exit into the Abyss.
 25624 | Abyss:1  | Escaped into the Abyss
 25632 | Abyss:1  | Found a corrupted altar of Lugonu.
 25676 | Depths:1 | Escaped the Abyss
 25677 | Depths:1 | ummm
 25728 | Depths:3 | Noticed Sojobo
 25879 | Depths:2 | Found a gateway to Hell.
 25997 | Hell     | Entered the Vestibule of Hell
 26107 | Hell     | Noticed Geryon
 26194 | Hell     | Killed Geryon
 26320 | Hell     | Found a gateway to the decaying netherworld of Tartarus.
 26332 | Tar:1    | Entered Level 1 of Tartarus
 26332 | Tar:1    | Found a gateway to Hell.
 26345 | Tar:2    | Found a gateway to Hell.
 26378 | Tar:2    | Found a gateway to Hell.
 26463 | Tar:2    | Reached skill level 26 in Maces & Flails
 26507 | Tar:4    | Found a gateway to Hell.
 26520 | Tar:5    | Found a gateway to Hell.
 26562 | Tar:5    | Found a gateway to Hell.
 26668 | Tar:6    | Found a gateway to Hell.
 26681 | Tar:7    | Entered Level 7 of Tartarus
 26681 | Tar:7    | Found a gateway to Hell.
 26700 | Tar:7    | Found a gateway to Hell.
 26816 | Tar:7    | Noticed Ereshkigal
 26826 | Tar:7    | Got a bone rune of Zot
 26875 | Hell     | Reached XP level 26. HP: 197/280 MP: 42/42
 27144 | Hell     | Found a gateway to the ashen valley of Gehenna.
 27189 | Geh:1    | Entered Level 1 of Gehenna
 27189 | Geh:1    | Found a gateway to Hell.
 27224 | Geh:2    | Found a gateway to Hell.
 27224 | Geh:2    | Found a gateway to Hell.
 27238 | Geh:3    | Found a gateway to Hell.
 27238 | Geh:3    | Found a gateway to Hell.
 27268 | Geh:4    | Found a gateway to Hell.
 27338 | Geh:5    | Found a gateway to Hell.
 27345 | Geh:6    | Found a gateway to Hell.
 27479 | Geh:6    | Found a gateway to Hell.
 27505 | Geh:6    | Found a gateway to Hell.
 27508 | Geh:7    | Entered Level 7 of Gehenna
 27508 | Geh:7    | Found a gateway to Hell.
 27508 | Geh:7    | Found a gateway to Hell.
 27508 | Geh:7    | Found a gateway to Hell.
 27665 | Geh:7    | Noticed Asmodeus
 27672 | Geh:7    | Got an obsidian rune of Zot
 27694 | Geh:7    | Killed from afar by a Brimstone Fiend

Vault maps used:
D:1:      minmay_arrival_split_and_join, due_unseen_surprise
D:2:      first_bread, minmay_misc_feat_nine_boxes, grunt_qazlal_clouds
D:3:      tgw_kikubaaqudgha, uniq_robin, uniq_purgy
D:4:      kennysheep_the_goblin_king, grunt_temple_overflow_growth_and_decay,
          kennysheep_generic_room_6
D:5:      minmay_temple_entry_nine_rooms, basic_altar, yredelemnul_altar_generic
D:6:      okawaru_metal_pillars_1_2, uniq_pikel, uniq_prince_ribbit1,
          uniq_duvessa
D:7:      nicolae_overflow_hidden_temple, basic_altar, uniq_joseph
D:8:      vehumet_statue, uniq_grum
D:9:      minmay_goldmine, uniq_erica
D:10:     lair_0_dummy, uniq_fannar, uniq_maurice
D:11:     orc_0_dummy, hangedman_tree_tricks, nicolae_gozag_zags_fifth_avenue,
          uniq_josephine
D:13:     erik_vaults_1, basic_altar, serial_shops, bzr_entry_lakeside,
          small_statue_alley_a
D:14:     eino_tiny_chamber, amalloy_card_club, uniq_snorg, uniq_azrael
D:15:     hangedman_depths_entry_try_elsewhere_first, lemuel_crystal_altar,
          roderic_serpentine_path, uniq_rupert
Lair:1:   st_stairs_8, grunt_megastairs_3
Lair:2:   basic_altar, nicolae_lair_grove_arrangements, minivault_19,
          minivault_25
Lair:3:   nicolae_spider_entry_orb_guardian, serial_bayou_shore_b,
          uniq_gastronok
Lair:4:   lab_entry_generic
Lair:5:   swamp_mist_pool, beast_lair_carwin_4
Lair:6:   minmay_stone_trees_small, serial_bayou_pond_c
Lair:8:   evilmike_catoblepas_cave, minmay_slime_entry_pillars
Swamp:1:  evilmike_swamp_ruin_house_3, swamp_pool4
Swamp:2:  evilmike_swamp_ruin_house_2, swamp_pool5
Swamp:3:  evilmike_swamp_ruin_house_6, swamp_pool2
Swamp:4:  swamp_old_school, infiniplex_staircase_pool_2
Spider:1: hangedman_spider_tarantella_strand
Spider:3: uniq_arachne, uniq_nikola
Spider:4: grunt_spider_rune_circles, nicolae_spider_circle_web,
          hangedman_stitches_earthworm
Orc:1:    serial_shops, shop, nicolae_orc_damp_corner, uniq_harold
Orc:2:    serial_shops, nicolae_shop_statue_plus, shop, bloody_trog
Orc:3:    nicolae_orc_pool_cavern
Orc:4:    st_orc_town, uniq_saint_roka
Elf:1:    elf_arrival_002, serial_shops, nicolae_shop_scaring_up_business, shop,
          shop_fountains, kennysheep_underground_church,
          einodemon_armed_red_devil_minivault, uniq_aizul
Elf:2:    minivault_27, door_vault
Elf:3:    grunt_elf_hall_spiral, serial_shops, shop, uniq_wiglaf
Vaults:1: v_misc_23, hangedman_vaults_trim, nicolae_vaults_know_your_exits,
          v_misc_19, ontoclasm_vaults_ring_square,
          ontoclasm_vaults_claustrophobia, grunt_vaults_hallway_short,
          mu_enter_wizlab_4
Vaults:2: hangedman_vaults_stitches, v_misc_24, v_misc_5, v_misc_11,
          nicolae_vaults_little_ls, nicolae_vaults_windows_and_doors_thing,
          vaults_room_ringed_pool, nicolae_vaults_diagonal_hallway_7,
          vaults_room_grid, dpeg_vaults_monster_row, v_misc_1,
          vaults_room_semicircle, nicolae_vaults_little_squares_4,
          grunt_vaults_focal, ontoclasm_vaults_decontamination,
          nicolae_vaults_little_squares_3, serial_shops, nicolae_shop_trees,
          uniq_asterion
Vaults:3: v_pattern_3, vaults_standard_mumra_lines, v_misc_23,
          vaults_room_pools, minmay_crypt_entry_simple_corners,
          vaults_mumra_chevron_long, nicolae_vaults_border_crossing,
          nicolae_vaults_yaktaur_gun_rack, vaults_room_pools, v_misc_22,
          nicolae_vaults_little_squares_3, nicolae_vaults_three_branches,
          ontoclasm_vaults_shout
Vaults:4: v_alt_pattern_3, vaults_mumra_minichess_inversion, v_misc_15,
          v_misc_17, nicolae_vaults_twisting_passages, vaults_dpeg_diagonal,
          vaults_dpeg_ring, ontoclasm_vaults_gateway,
          ontoclasm_vaults_loading_screen, ontoclasm_vaults_shuriken, st_cells,
          v_misc_19, nicolae_vaults_circle_grid_a, serial_shops,
          nicolae_shop_crystal
Vaults:5: uniq_mara
Crypt:2:  serial_sigils_hangedman_leer, lemuel_freeze_loot_1
Crypt:3:  due_elkab, st_burial_chamber, uniq_jorgrun
Tomb:2:   uniq_boris
Tomb:3:   uniq_frederick, uniq_mennas
Depths:1: minmay_fountain_box, serial_shops, shop, nicolae_shop_crystal,
          nicolae_shop_waterfront, rand_demon_pan_entry_7, hell_entry,
          kennysheep_generic_room_5
Depths:2: hangedman_crystal_crosses_colossus, serial_shops, hell_entry
Depths:3: dpeg_oklob_gauntlet, special_room, grunt_hell_entry_dis_grunt,
          pan_entry, serial_bayou_shore_a, uniq_sojobo
Geh:3:    nicolae_geh_sunburst
Geh:6:    hangedman_hellfire_club
Geh:7:    geh_hangedman
Tar:6:    lemuel_elevator
Tar:7:    tar_old
Abyss:3:  lemuel_flamethrower_3
Pan:      evilmike_mini_pan_doors_b, pan_blood_fountain, mnoleg,
          pan_blood_fountain, evilmike_mini_pan_doors_b, uniq_mnoleg,
          reaverb_pan_squares, grunt_pan_in_and_out, uniq_mnoleg,
          pan_blood_fountain_small, nicolae_pan_mnolegish_4,
          nicolae_pan_diamonds, pan_blood_fountain_small, rand_demon_6,
          uniq_mnoleg, evilmike_mini_pan_3x3, pan_disco_hall, rand_demon_9,
          nicolae_pan_double_arrow, pan_blood_fountain, rand_demon_4,
          pan_blood_fountain_2, nicolae_pan_sigil_nadil, grunt_pan_frozen_over,
          pan_blood_fountain, pan_blood_fountain_2, evilmike_mini_pan_layers,
          pan_blood_fountain_small, nicolae_pan_sigil_uleosi,
          nicolae_pan_mnolegish_4, rand_demon_9, uniq_mnoleg, rand_demon_9,
          evilmike_mini_pan_corridor, pan_blood_fountain_small, uniq_mnoleg,
          nicolae_pan_sigil_nadil, evilmike_mini_pan_T,
          evilmike_mini_pan_pillars, uniq_mnoleg, rand_demon_9,
          nicolae_pan_lom_lobonic_4, evilmike_mini_pan_possible_glass,
          evilmike_mini_pan_pillars, nicolae_pan_sigil_obb, evilmike_holy_pan,
          evilmike_mini_pan_corridor, evilmike_mini_pan_rooms,
          nicolae_pan_gloorx_vloqian_3, grunt_pan_sceptre,
          pan_blood_fountain_small, rand_demon_9,
          evilmike_mini_pan_possible_glass, pan_blood_fountain, uniq_mnoleg,
          evilmike_mini_pan_pillars, pan_surprise, nicolae_pan_glass_arcs,
          lom_lobon_grunt, grunt_pan_zigzag, evilmike_cerebov_lava,
          grunt_pan_in_and_out, uniq_lom_lobon, grunt_pan_zigzag, uniq_cerebov,
          grunt_pan_sceptre, pan_blood_fountain_2, nicolae_pan_lom_lobonic_2,
          rand_demon_6, uniq_lom_lobon, gloorx_vloq_grunt_torture_chamber,
          uniq_cerebov, uniq_mnoleg, pan_blood_fountain_small,
          evilmike_mini_pan_corner, uniq_mnoleg, pan_blood_fountain_small
Zig:5:    ziggurat_pillar_centre_dead_trees
Zig:6:    ziggurat_pillar_centre_c
Lab:      nicolae_lab_t_cross, nicolae_lab_plus, nicolae_lab_grate,
          lab_fountain, nicolae_lab_do_over, lab_hedge, nicolae_lab_big_swirl,
          nicolae_lab_starburst
Bazaar:   bazaar_kb_twisted_cavern
WizLab:   wizlab_lehudib

Action                   |  1- 3 |  4- 6 |  7- 9 | 10-12 | 13-15 | 16-18 | 19-21 | 22-24 | 25-27 || total
-------------------------+-------+-------+-------+-------+-------+-------+-------+-------+-------++-------
Melee: Short sword       |    25 |    14 |       |       |       |       |       |       |       ||    39
       Club              |       |    54 |       |       |       |       |       |       |       ||    54
       Giant spiked club |       |       |   193 |   415 |   459 |       |       |       |       ||  1067
       Morningstar       |       |       |       |       |   204 |   181 |       |       |       ||   385
       Flail             |       |       |       |       |       |  1356 |  1506 |  1397 |  1426 ||  5685
Throw: Large rock        |    16 |    16 |     8 |    37 |    44 |    28 |     1 |     7 |    81 ||   238
       Throwing net      |     2 |     4 |     6 |       |     7 |     2 |       |     1 |       ||    22
 Cast: Repel Missiles    |       |       |       |     1 |     7 |     5 |     7 |     4 |     5 ||    29
       Apportation       |       |       |       |       |    35 |    75 |    74 |    62 |    72 ||   318
       Phase Shift       |       |       |       |       |    16 |     6 |    26 |    24 |    12 ||    84
       Regeneration      |       |       |       |       |       |    38 |   109 |   149 |   123 ||   419
       Spectral Weapon   |       |       |       |       |       |    10 |     6 |     1 |       ||    17
       Cure Poison       |       |       |       |       |       |     2 |     6 |     2 |     5 ||    15
       Animate Skeleton  |       |       |       |       |       |     3 |    19 |     3 |     1 ||    26
       Blink             |       |       |       |       |       |     1 |     8 |     3 |     5 ||    17
       Stoneskin         |       |       |       |       |       |       |     1 |       |       ||     1
       Passage of Golubr |       |       |       |       |       |       |       |    19 |    43 ||    62
Invok: Slouch            |       |       |       |     2 |     6 |     7 |     8 |    14 |     9 ||    46
       Temporal Distorti |       |       |       |     1 |     1 |       |     9 |     5 |     7 ||    23
 Abil: Evoke Invisibilit |       |       |       |       |     2 |       |       |       |       ||     2
       Evoke Teleportati |       |       |       |       |       |    10 |    12 |    86 |   215 ||   323
Evoke: Wand              |       |       |     4 |     5 |     7 |     2 |     1 |     5 |    19 ||    43
       Deck              |       |       |       |       |     4 |       |       |     1 |       ||     5
       Box of beasts     |       |       |       |       |       |     1 |     3 |     3 |     2 ||     9
       Sack of spiders   |       |       |       |       |       |       |       |     4 |       ||     4
       Figurine of a zig |       |       |       |       |       |       |       |     1 |       ||     1
       Lamp of fire      |       |       |       |       |       |       |       |     1 |       ||     1
       Fan of gales      |       |       |       |       |       |       |       |       |     1 ||     1
  Use: Scroll            |       |       |    14 |     9 |    12 |    17 |    13 |    34 |     7 ||   106
       Potion            |       |       |       |     2 |     2 |     4 |     5 |     9 |     4 ||    26
 Stab: Held in net/web   |     1 |       |     3 |       |       |     2 |       |       |       ||     6
       Sleeping          |       |       |     1 |       |     1 |    10 |     3 |     8 |    14 ||    37
       Distracted        |       |       |     1 |     1 |     2 |       |     9 |     4 |     5 ||    22
       Invisible         |       |       |       |       |     5 |       |       |       |       ||     5
       Confused          |       |       |       |       |       |       |       |     3 |       ||     3
  Eat: Chunk             |       |       |     7 |     5 |     9 |     9 |    12 |     6 |       ||    48
       Beef jerky        |       |       |       |     1 |     2 |     1 |     3 |     1 |     5 ||    13
       Pizza             |       |       |       |       |     1 |       |     1 |     1 |       ||     3
       Bread ration      |       |       |       |       |       |     2 |     1 |     8 |    13 ||    24
       Meat ration       |       |       |       |       |       |     1 |       |       |     3 ||     4
       Royal jelly       |       |       |       |       |       |     1 |     2 |     3 |       ||     6
       Fruit             |       |       |       |       |       |       |       |       |     5 ||     5
